Unix NetHack Version 5.0.0-0 post-release - last build May  4 2026 22:22:43 (774f63e81ad911689b3a0859ea89b322d5daca8d,branch:main).

Game began 2026-05-08 10:57:34, ended 2026-05-08 11:37:41.

246786432, neutral female human Barbarian

                                                  ...|
                                               .....@--
                                               )...hh<|
                                               -.....--
                                                  ..-
                                                  ..|

246786432 the Pillager     St:17 Dx:18 Co:18 In:8 Wi:8 Ch:6  Neutral
Dlvl:5  $:0  HP:0(61) Pw:11(11) AC:7  Xp:5 T:2490 

Latest messages:
 In what direction? 4
 The scimitar misses the gnome lord.
 The kitten misses the dwarf.
 The kitten misses it.
 You hear some noises.
 The dwarf swings her dwarvish mattock.
 The dwarf hits!
 You miss the dwarf.
 You are hit by a dart.
 Crash!
 It falls asleep.
 The dwarf swings her dwarvish mattock.
 The dwarf hits!
 You smite the dwarf.
 The dwarf swings her dwarvish mattock.
 The dwarf hits!
 What do you want to throw? [e or ?*] ?
 In what direction? 6
 You aren't wielding a bow, so you throw your arrow by hand.
 The arrow misses the dwarf.
 What do you want to throw? [e or ?*] e
 In what direction? 6
 You aren't wielding a bow, so you throw your arrow by hand.
 The arrow misses the dwarf.
 What do you want to throw? [e or ?*] e
 In what direction? 6
 You aren't wielding a bow, so you throw your arrow by hand.
 The arrow hits the dwarf.
 What do you want to throw? [e or ?*] e
 In what direction? 6
 You aren't wielding a bow, so you throw your arrow by hand.
 The arrow misses the dwarf.
 The dwarf swings his scimitar.
 The dwarf hits!
 The dwarf swings her dwarvish mattock.
 The dwarf misses!
 You see here a dart.
 The dwarf swings his scimitar.
 The dwarf hits!
 The dwarf swings his scimitar.
 The dwarf hits!
 The dwarf picks up a dart.
 The dwarf swings her dwarvish mattock.
 The dwarf hits!
 You die...
 Do you want your possessions identified? [ynq] (y) y
 Do you want to see your attributes? [ynq] (y) y
 Do you want an account of creatures vanquished? [ynaq] (y) y
 Do you want to see your conduct and achievements? [ynq] (y) y
 Do you want to see the dungeon overview? [ynq] (y) y

Inventory:
 Weapons  (')')
  e - a cursed -1 arrow
  a - a very corroded +0 two-handed sword (weapon in hands)
 Armor    ('[')
  G - a blessed +0 orcish helm
  H - an uncursed +0 orcish helm
  o - a cursed -1 orcish helm
  C - an uncursed +0 pair of iron shoes
  D - an uncursed +0 dwarvish cloak
  c - an uncursed +0 ring mail (being worn)
 Comestibles  ('%')
  j - an uncursed cram ration
  A - an uncursed food ration
  v - 2 uncursed lichen corpses
 Scrolls  ('?')
  s - an uncursed scroll of amnesia
  w - an uncursed scroll of confuse monster
  q - a cursed scroll of gold detection
  z - a cursed scroll of light
 Potions  ('!')
  B - a blessed potion of invisibility
 Tools    ('(')
  E - a +0 pick-axe
 Gems/Stones  ('*')
  p - an uncursed amethyst stone
  x - an uncursed worthless piece of blue glass
  i - an uncursed worthless piece of green glass
  g - an uncursed worthless piece of red glass

246786432 the Barbarian's attributes:

Background:
 You were a Pillager, a level 5 female human Barbarian.
 You were neutral, nominally on a mission for Crom
 who was opposed by Mitra (lawful) and Set (chaotic).
 You were right-handed.
 You were in the Gnomish Mines, on level 5.
 You entered the dungeon 2490 turns ago.
 You had 221 experience points, 99 more were needed to attain level 6.

Basics:
 You had 0 out of 61 hit points.
 You had all 11 energy points (spell power).
 Your armor class was 7.
 Your wallet was empty.
 Autopickup was off.

Final Characteristics:
 Your strength was 17 (limit:18/100).
 Your dexterity was 18 (limit:18).
 Your constitution was 18 (limit:18).
 Your intelligence was 8 (limit:18).
 Your wisdom was 8 (limit:18).
 Your charisma was 6 (limit:18).

Final Status:
 You weren't hungry.
 You were unencumbered.
 You were wielding a two-handed sword.
 You had basic skill with two-handed sword.

Final Attributes:
 You were piously aligned.
 You were poison resistant.
 You were warded.
 You are dead.

Miscellaneous:
 You didn't encounter any bones levels.
 Total elapsed playing time was 40 minutes and 6 seconds.

Major events:
 Turn
    1: 246786432 the neutral female human Barbarian entered the dungeon
  542: attained the rank of Pillager (level 3)
 2419: entered the Gnomish Mines
 2490: killed by a dwarf

You didn't know any spells.

Skills:
 Fighting Skills
   bare handed combat [Basic]
   two weapon combat  [Unskilled]
   riding             [Unskilled]
 Weapon Skills
   dagger             [Unskilled]
   axe                [Basic]
   pick-axe           [Unskilled]
   short sword        [Unskilled]
   broadsword         [Unskilled]
   long sword         [Unskilled]
   two-handed sword   [Basic]
   saber              [Unskilled]
   club               [Unskilled]
   mace               [Unskilled]
   morning star       [Unskilled]
   flail              [Unskilled]
   hammer             [Unskilled]
   quarterstaff       [Unskilled]
   spear              [Unskilled]
   trident            [Unskilled]
   bow                [Unskilled]
 Spellcasting Skills
   attack spells      [Unskilled]
   escape spells      [Unskilled]

Voluntary challenges:
 Character rerolling was not enabled.
 You were an atheist.
 You were illiterate.
 You never genocided any monsters.
 You never polymorphed an object.
 You never changed form.
 You used no wishes.
Achievements:
 You attained the rank of Pillager.
 You entered the Gnomish Mines.

 The Dungeons of Doom: levels 1 to 5
    Level 1:
       A fountain, a sink.
    Level 2:
       Some fountains.
    Level 3:
       An altar, many fountains.
    Level 4:
       Some fountains.
       Stairs down to The Gnomish Mines.
    Level 5:
 The Gnomish Mines:
    Level 5: <- You were here.
       Final resting place for
          you, killed by a dwarf.


Vanquished creatures:
  a pony
  a gnome leader
  a gray ooze
  a kitten
  a dwarf
  2 homunculi
  a kobold leader
  4 hill orcs
  a dwarf zombie
  2 iguanas
  3 acid blobs
  3 coyotes
  a hobbit
  a large kobold
  3 green molds
  a red mold
  3 geckos
  4 jackals
  2 foxes
  a kobold
  a goblin
  8 grid bugs
  4 lichens
  5 newts
55 creatures vanquished.

No species were genocided or became extinct.

Game over:
                       ----------
                      /          \
                     /    REST    \
                    /      IN      \
                   /     PEACE      \
                  /                  \
                  |    246786432     |
                  |       0 Au       |
                  |   killed by a    |
                  |      dwarf       |
                  |                  |
                  |                  |
                  |       2026       |
                 *|     *  *  *      | *
        _________)/\\_//(\/(/\)/\//\/|_)_______

Goodbye 246786432 the Barbarian...

You died in The Gnomish Mines on dungeon level 5 with 1084 points,
and 0 pieces of gold, after 2490 moves.
You were level 5 with a maximum of 61 hit points when you died.

